 Dungeon Crawl Stone Soup version 0.31-a0-844-gdc52ec4e09 (webtiles) character file.

Game seed: 14777295343492479022

156007 Pooter the Executioner (level 17, -9/240 HPs)
             Began as a Minotaur Berserker on Sept 28, 2023.
             Was an Elder of Trog.
             Shot with an arrow by Vashnia (36 damage)
             ... on level 3 of the Snake Pit on Sept 30, 2023.
             The game lasted 03:09:08 (49646 turns).

Pooter the Executioner (Minotaur Berserker)        Turns: 49646, Time: 03:09:09

Health: -9/240     AC: 23    Str: 29    XL:     17   Next: 9%
Magic:  5/16       EV:  9    Int:  5    God:    Trog [****..]
Gold:   315        SH:  5    Dex: 18    Spells: 16/16 levels left

rFire   . . .        a - +7 executioner's axe (heavy)
rCold   . . .        (shield currently unavailable)
rNeg    . . .        p - +6 plate armour
rPois   +            O - +2 hood of the Assassin {Detect Stab+ Stlth++}
rElec   .            (no cloak)
rCorr   .            j - +0 pair of gloves
SInv    .            (no boots)
Will    +....        w - amulet of reflection Stlth
                     m - +6 ring of strength
HPRegen 0.60/turn    P - ring of poison resistance
MPRegen 0.15/turn

%: reflection
@: berserking (expiring), very quick
A: horns 2, retaliatory headbutt, hooves 1, agile 1, mutation resistance 1,
passive freeze
a: Renounce Religion, Berserk, Trog's Hand, Brothers in Arms


You were on level 3 of the Snake Pit.
You worshipped Trog.
Trog was greatly pleased with you.
You visited 5 branches of the dungeon, and saw 26 of its levels.
You also visited: Ossuary and Ice Cave.

You collected 2658 gold pieces.
You spent 2343 gold pieces at shops.

Inventory:

Hand Weapons
 a - a +7 heavy executioner's axe (weapon)
   (Trog gifted it to you on level 1 of the Orcish Mines)
 b - a +6 antimagic arbalest
   (You bought it in a shop on level 4 of the Dungeon)
 I - a +3 dire flail of freezing
   (You took it off a wight on level 8 of the Dungeon)
 Y - the +6 flail "Suusaewk" {heavy, rPois Will++ Dex-5 SInv}
   (You took it off an orc warrior on level 11 of the Dungeon)

   Dex-5:     It affects your dexterity (-5).
   rPois:     It protects you from poison Will++: It greatly increases your
   willpower.
   SInv:      It lets you see invisible.
Missiles
 d - 12 atropa-tipped darts
 e - 49 boomerangs (quivered)
 z - 3 datura-tipped darts
 G - 30 javelins
 K - 10 throwing nets {!f}
 Q - 6 silver javelins
 V - 5 curare-tipped darts
Armour
 j - a +0 pair of gloves (worn)
   (You found it on level 5 of the Lair of Beasts)
 p - a +6 plate armour (worn)
   (You took it off an orc warrior on level 9 of the Dungeon)
 M - a +4 chain mail of fire resistance
   (You took it off an orc warrior on level 11 of the Dungeon)
 O - the +2 hood of the Assassin (worn) {Detect Stab+ Stlth++}
   (You found it on level 11 of the Dungeon)

   Detect:    It allows the wearer to sense nearby creatures.
   Stab+:     It allows the wearer to make particularly effective stabbing
   attacks against helpless or unaware enemies with any weapon.
   Stlth++:   It makes you much more stealthy.
Jewellery
 m - a +6 ring of strength (left hand)
   (You found it on level 3 of the Dungeon)
 w - an amulet of reflection (around neck)
   (You found it on level 4 of the Dungeon)
 C - a ring of resist corrosion
   (You found it on level 3 of the Dungeon)
 F - a ring of protection from fire
   (You found it on level 5 of the Dungeon)
 H - a ring of willpower
   (You found it on level 2 of the Lair of Beasts)
 N - a ring of positive energy
   (You found it on level 9 of the Dungeon)
 P - a ring of poison resistance (right hand)
   (You bought it in a shop on level 11 of the Dungeon)
 Z - a +6 ring of dexterity
   (You found it on level 10 of the Dungeon)
Wands
 c - a wand of roots (12)
   (You found it on level 2 of the Orcish Mines)
 f - a wand of flame (11)
   (You found it on level 11 of the Dungeon)
 D - a wand of digging (4)
   (You found it on level 9 of the Dungeon)
 E - a wand of quicksilver (14)
   (You found it on level 6 of the Dungeon)
 J - a wand of polymorph (34)
   (You took it off an orc wizard on level 8 of the Dungeon)
 T - a wand of mindburst (7)
   (You found it on level 5 of the Lair of Beasts)
Scrolls
 g - 4 scrolls of fear
 i - 7 scrolls of identify {@r1}
 l - a scroll of poison {!r}
 n - a scroll of blinking
 s - a scroll of revelation
 t - 9 scrolls of teleportation {@r4}
 u - 3 scrolls of immolation {!r}
 U - 2 scrolls of silence
 W - 4 scrolls of fog
 X - 2 scrolls of summoning
Potions
 h - 3 potions of might
 k - 10 potions of curing {@q1}
 o - 2 potions of ambrosia
 q - 3 potions of heal wounds {@q2}
 r - a potion of mutation {!q}
 v - 4 potions of invisibility
 y - 3 potions of lignification {!q}
 B - 4 potions of attraction {!q}
 L - 2 potions of resistance
 R - 4 potions of haste {@q3}
 S - a potion of cancellation
Miscellaneous
 x - a box of beasts
   (You found it on level 9 of the Dungeon)
 A - a lightning rod (4/4) {!a}
   (You found it on level 2 of the Lair of Beasts)


   Skills:
 + Level 16.9 Fighting
 * Level 21.9(22.7) Axes
 - Level 3.3(14.9) Maces & Flails
 - Level 9.8(17.1) Polearms
 + Level 15.0 Ranged Weapons
 + Level 4.2 Throwing
 + Level 9.4 Armour
 - Level 2.1 Dodging
 - Level 2.8 Stealth
 + Level 10.1 Evocations


You had 16 spell levels left.
You didn't know any spells.
Your spell library was empty.

Dungeon Overview and Level Annotations

Branches:
Dungeon (15/15) Zot: 21405  Temple (0/1) D:4            Lair (5/5) D:9 Zot: 20395
 Shoals (0/4) Lair:2        Snake (3/4) Lair:2 Zot: 10506   Slime (0/5) Lair:5
    Orc (2/2) D:11 Zot: 6685     Elf (1/3) Orc:2 Zot: 5056  Vaults (0/5) D:13
 Depths (0/4) D:15        Ossuary (visited)           IceCv (visited)

Altars:
Dithmenos
Elyvilon
Fedhas
Gozag
Hepliaklqana
Kikubaaqudgha
Nemelex Xobeh
Okawaru
Qazlal
Ru
Sif Muna
Uskayaw
Vehumet
Wu Jian
Zin

Shops:
D:4 (   D:11 [?!*(   D:12 ?   Orc:1 (   Orc:2 [*?(   Snake:1 :=:?

Annotations:
Snake:3 Vashnia


Innate Abilities, Weirdness & Mutations

You have a pair of horns on your head.
You reflexively headbutt those who attack you in melee.
You have large cloven feet.
You are agile. (Dex +4, Str/Int -1)
You are somewhat resistant to further mutation.
A frigid envelope surrounds you and freezes all who hurt you.


Message History

You shoot a bolt. The bolt hits Vashnia.
Vashnia's magic leaks into the air.
Vashnia's magic is no longer disrupted.
You shoot a bolt. The bolt hits Vashnia!!
Vashnia's magic leaks into the air.
The naga sharpshooter mumbles some strange words.
The naga sharpshooter magically shoots a bolt.
The bolt hits you!
Vashnia gestures wildly while chanting.
Vashnia blinks!
The naga sharpshooter shoots a bolt.
The bolt hits you!
You shoot a bolt. The bolt closely misses Vashnia.
Vashnia shoots an arrow.
The arrow closely misses you.
The naga sharpshooter shoots a bolt.
The bolt hits you! Vashnia spits poison at you.
The splash of poison misses you.
You feel magic returning to you.
a - a +7 heavy executioner's axe (weapon)
The naga sharpshooter mumbles some strange words.
The naga sharpshooter magically shoots a bolt.
The bolt hits you!!
* * * LOW HITPOINT WARNING * * *
Blink to where?
Press: ? - help, Dir - move target, p - Vashnia
As you read the scroll of blinking, it crumbles to dust.
Vashnia shoots an arrow.
The arrow hits you!!
* * * LOW HITPOINT WARNING * * *
A red film seems to cover your vision as you go berserk!
You feel yourself moving faster!
You feel mighty!
Vashnia's magic is no longer disrupted.
Vashnia unwields a +0 longbow.
Vashnia wields a +2 short sword of flaming.
It bursts into flame!
Vashnia hits you with a +2 short sword of flaming!
* * * LOW HITPOINT WARNING * * *
Vashnia burns you!
* * * LOW HITPOINT WARNING * * *
Vashnia is very cold.
Vashnia grabs you.
Vashnia is very cold.
Vashnia constricts you.
You miss Vashnia.
Vashnia gestures wildly while chanting.
Vashnia blinks!
Vashnia loses her grip on you.
Vashnia unwields a +2 short sword of flaming.
It stops flaming.
Vashnia wields a +0 longbow.
Vashnia shoots an arrow.
The arrow hits you!
* * * LOW HITPOINT WARNING * * *
You feel a strong urge to attack something.
The naga sharpshooter spits poison at you.
The splash of poison hits you but does no damage.
You resist.
Unknown command.
Vashnia shoots an arrow.
The arrow hits you!!!
You die...
Vashnia says, "Headshot."

#..#))...........##
#..........##.....#
##.......####N....#
#...†..## #.N....#
#.....## #......#
#....## ##..N...#
#....# #.......#
##.#.## ##......##
#..### #...@...#
##..# #.......#
##..## ###.....#
##...# ##.§.##
.....# ##### #####
..#..###...##
..##........#
#.##........# #####
#.##..(....##
#...##


You could see Vashnia and 2 naga sharpshooters.

Vanquished Creatures
  Jorgrun (Snake:3)
  Asterion (Snake:2)
  Zenata (Elf:1)
  Donald (Orc:2)
  A nagaraja (Snake:3)
  The ghost of scionoferis the Brawler, a journeyman HOMo of Beogh (D:14)
  2 azure jellies (Lair:5)
  A deep elf sorcerer (Elf:1)
  The ghost of tkdrg the Grappler, a journeyman TrGl of Ru (Orc:2)
  Azrael (D:13)
  Snorg (Orc:1)
  An ettin (Orc:2)
  Fannar (D:11)
  Erolcha (D:9)
  3 ogre magi
  3 hydras
  8 vault guards
  2 anacondas
  5 boulder beetles
  9 centaur warriors
  3 catoblepae (Lair:5)
  A dancing weapon (Elf:1)
  3 tengu warriors
  13 death yaks
  15 two-headed ogres
  13 naga sharpshooters
  5 naga warriors
  An orc high priest (Elf:1)
  2 deep elf knights (D:11)
  2 shock serpents (Snake:3)
  Sonja (Orc:1)
  Amaemon (D:11)
  A skeletal warrior (D:9)
  2 deep trolls (Orc:2)
  A bog body (IceCv)
  A naga ritualist (Snake:2)
  A deep elf archer (D:11)
  4 lindwurms (Lair:2)
  4 orc knights
  2 wizards (D:15)
  3 orc sorcerers
  5 deep elf pyromancers
  A deep elf zephyrmancer (Elf:1)
  Pikel (D:4)
  9 mana vipers
  A wolf spider zombie (D:15)
  2 necromancers
  An oklob plant (D:6)
  11 ugly things
  3 manticores
  6 cyclopes
  4 salamanders
  2 merfolk sirens (Lair:2)
  21 black mambas
  Joseph (D:8)
  5 naga magi
  14 elephants (Lair:5)
  2 ice statues (IceCv)
  4 torpor snails
  3 gargoyles (D:12)
  14 cane toads
  2 unseen horrors
  Psyche (D:8)
  An orange demon (D:11)
  12 komodo dragons
  An efreet (D:10)
  2 anaconda simulacra (IceCv)
  4 rime drakes
  7 ice devils
  A freezing wraith (IceCv)
  3 tengu conjurers (D:13)
  2 merfolk (Lair:2)
  2 polar bears (Lair:4)
  12 trolls
  A hornet (D:8)
  5 blink frogs (Lair:4)
  4 slime creatures (D:13)
  3 dire elephant simulacra (IceCv)
  5 wyverns
  59 yaks
  4 water elementals (D:15)
  2 wraiths
  2 basilisks
  4 fire bats (D:13)
  Grum (D:8)
  5 fire elementals
  3 steam dragons
  2 acid dragons
  A harpy simulacrum (IceCv)
  22 nagas
  2 wargs
  14 water moccasins
  6 hell hounds
  4 hydra simulacra (IceCv)
  26 orc warriors
  3 black bears
  3 sky beasts
  2 hornet zombies (D:15)
  3 ice beasts
  21 ogres
  20 wolves
  8 centaurs
  2 phantoms (D:6)
  3 kobold brigands
  3 gnoll sergeants (D:9)
  9 bullfrogs
  2 scorpions
  8 water moccasin zombies (Ossuary)
  5 wights (D:8)
  2 elephant simulacra (IceCv)
  18 killer bees
  4 howler monkeys
  3 electric eels
  2 lava snakes (D:13)
  8 jellies
  5 hounds
  12 orc priests
  A gnoll bouda (D:7)
  A sleepcap (D:5)
  Jessica (D:2)
  8 iguanas
  25 orc wizards
  A spriggan simulacrum (IceCv)
  A troll simulacrum (IceCv)
  A wolf simulacrum (IceCv)
  2 mummies (Ossuary)
  Robin (D:3)
  19 gnolls
  8 adders
  2 white imps
  An ufetubus (IceCv)
  2 adder zombies (Ossuary)
  A dart slug (D:1)
  A worm (D:4)
  80 orcs
  11 ball pythons
  23 endoplasms
  3 giant cockroaches
  A gnoll zombie (Ossuary)
  12 hobgoblins
  12 kobolds
  2 quokkas
  3 training dummies (Orc:1)
  5 bats
  4 frilled lizards
  8 goblins
  4 hobgoblin zombies (Ossuary)
  7 kobold zombies (Ossuary)
  4 orc zombies (Ossuary)
  7 rats
  2 spectral weapons (Snake:2)
869 creatures vanquished.

Vanquished Creatures (collateral kills)
  An ogre (Orc:2)
  An orc wizard (Orc:2)
  5 gnolls
  3 goblins (D:3)
  A hobgoblin (D:3)
11 creatures vanquished.

Vanquished Creatures (others)
  Maurice (Orc:2)
  A yak (Lair:5)
  A gnoll (D:2)
  An orc (D:3)
  2 goblins (D:3)
6 creatures vanquished.

Grand Total: 886 creatures vanquished

Notes
Turn   | Place    | Note
-------+----------+-------------------------------------------
     0 | D:1      | Pooter the Minotaur Berserker began the quest for the Orb.
     0 | D:1      | Reached XP level 1. HP: 19/19 MP: 0/0
    86 | D:1      | Reached XP level 2. HP: 24/27 MP: 1/1
   115 | D:1      | Reached skill level 4 in Axes
   115 | D:1      | Reached skill level 1 in Stealth
   704 | D:1      | Reached XP level 3. HP: 29/33 MP: 2/2
   749 | D:1      | Reached ** piety under Trog
   918 | D:2      | Noticed Jessica
   923 | D:2      | Killed Jessica
  1048 | D:2      | Reached XP level 4. HP: 28/40 MP: 3/3
  1539 | D:2      | Identified the +5 spear "Taihic" {heavy, rC+ Will++ Int-2
                  | Stlth+}
  1812 | D:3      | Reached skill level 1 in Polearms
  1862 | D:3      | Found a faded altar of an unknown god.
  2045 | D:3      | Reached XP level 5. HP: 47/47 MP: 4/4
  2176 | D:3      | Found a white marble altar of Elyvilon.
  2390 | D:3      | Reached *** piety under Trog
  2393 | D:3      | Reached skill level 5 in Axes
  2521 | D:3      | Noticed Robin
  2542 | D:3      | Killed Robin
  3173 | D:4      | Noticed a lemure
  3174 | D:4      | Noticed a lemure
  3197 | D:4      | Reached XP level 6. HP: 55/55 MP: 5/5
  3304 | D:4      | Reached skill level 5 in Fighting
  3304 | D:4      | Reached skill level 1 in Ranged Weapons
  3442 | D:4      | Noticed Pikel
  3452 | D:4      | Killed Pikel
  3453 | D:4      | Reached skill level 6 in Axes
  3453 | D:4      | Reached skill level 5 in Polearms
  3453 | D:4      | Reached XP level 7. HP: 41/62 MP: 6/6
  3483 | D:4      | Found a sand-covered staircase.
  3488 | Ossuary  | Entered an ossuary
  3632 | Ossuary  | Reached XP level 8. HP: 63/70 MP: 7/7
  3725 | Ossuary  | Reached **** piety under Trog
  3923 | D:4      | Found Ifryes's Weapon Boutique.
  4064 | D:4      | Found a staircase to the Ecumenical Temple.
  4253 | D:5      | Entered Level 5 of the Dungeon
  4716 | D:5      | Reached skill level 7 in Axes
  5477 | D:6      | Found a glowing silver altar of Zin.
  5533 | D:6      | Found a sacrificial altar of Ru.
  5617 | D:4      | Bought a +2 antimagic arbalest for 306 gold pieces
  5684 | D:6      | Reached XP level 9. HP: 55/79 MP: 2/8
  5756 | D:6      | Found a hazy altar of Hepliaklqana.
  5796 | D:6      | Found a stormy altar of Qazlal.
  6050 | D:6      | Reached skill level 5 in Ranged Weapons
  6200 | D:6      | Found a sparkling altar of Nemelex Xobeh.
  6612 | D:6      | Noticed an oklob plant
  6647 | D:6      | Reached skill level 8 in Axes
  6655 | D:6      | Reached ***** piety under Trog
  7316 | D:6      | Killed an oklob plant
  8030 | D:7      | Found an opulent altar of Gozag.
  8128 | D:7      | Found a radiant altar of Vehumet.
  8264 | D:7      | Reached skill level 9 in Axes
  8474 | D:8      | Reached XP level 10. HP: 90/90 MP: 3/9
  8494 | D:8      | Noticed Psyche
  8499 | D:8      | Killed Psyche
  8630 | D:8      | Noticed Joseph
  8637 | D:8      | Killed Joseph
  9029 | D:8      | Noticed Grum
  9037 | D:8      | Reached skill level 10 in Axes
  9038 | D:8      | Killed Grum
  9409 | D:8      | Noticed a two-headed ogre
  9415 | D:8      | Killed a two-headed ogre
  9416 | D:8      | Reached skill level 11 in Axes
 10403 | D:9      | Noticed a manticore
 10766 | D:9      | Killed a manticore
 10996 | D:9      | Reached skill level 10 in Fighting
 11079 | D:9      | Found an ornate altar of the Wu Jian Council.
 11132 | D:9      | Noticed Erolcha
 11142 | D:9      | Killed Erolcha
 11143 | D:9      | Reached skill level 12 in Axes
 11143 | D:9      | Reached XP level 11. HP: 39/101 MP: 3/10
 12067 | D:9      | Gained mutation: You expend magic power (3 MP) to
                  | strengthen your wands. [potion of mutation]
 12067 | D:9      | Gained mutation: You have large cloven feet. [potion of
                  | mutation]
 12067 | D:9      | Gained mutation: You are frail. (-10% HP) [potion of
                  | mutation]
 12067 | D:9      | Gained mutation: You are somewhat resistant to further
                  | mutation. [potion of mutation]
 12068 | D:9      | Lost mutation: You have large cloven feet. [potion of
                  | mutation]
 12068 | D:9      | Lost mutation: You are frail. (-10% HP) [potion of
                  | mutation]
 12068 | D:9      | Lost mutation: You are somewhat resistant to further
                  | mutation. [potion of mutation]
 12068 | D:9      | Gained mutation: You passively map a small area around you.
                  | [potion of mutation]
 12068 | D:9      | Gained mutation: You are agile. (Dex +4, Str/Int -1)
                  | [potion of mutation]
 12069 | D:9      | Lost mutation: You passively map a small area around you.
                  | [potion of mutation]
 12069 | D:9      | Lost mutation: You expend magic power (3 MP) to strengthen
                  | your wands. [potion of mutation]
 12069 | D:9      | Gained mutation: A frigid envelope surrounds you and
                  | freezes all who hurt you. [potion of mutation]
 12069 | D:9      | Gained mutation: You have large cloven feet. [potion of
                  | mutation]
 12069 | D:9      | Gained mutation: You are somewhat resistant to further
                  | mutation. [potion of mutation]
 12418 | D:9      | Found a staircase to the Lair.
 12519 | D:9      | Found a shimmering blue altar of Sif Muna.
 12615 | D:9      | Noticed a skeletal warrior
 12622 | D:9      | Killed a skeletal warrior
 12732 | D:10     | Entered Level 10 of the Dungeon
 13111 | D:10     | Reached skill level 13 in Axes
 13180 | D:10     | Found a blossoming altar of Fedhas.
 13566 | D:10     | Found a glowing silver altar of Zin.
 13566 | D:10     | Noticed an orc knight
 13871 | D:10     | Killed an orc knight
 14308 | Lair:1   | Entered Level 1 of the Lair of Beasts
 14391 | Lair:1   | Reached skill level 1 in Evocations
 14519 | Lair:1   | Reached skill level 14 in Axes
 15016 | Lair:1   | Reached XP level 12. HP: 111/111 MP: 3/11
 15883 | Lair:2   | Reached skill level 10 in Ranged Weapons
 16066 | Lair:2   | Found a staircase to the Shoals.
 16152 | Lair:2   | Found a staircase to the Snake Pit.
 16198 | Lair:2   | Reached skill level 15 in Axes
 18213 | Lair:3   | Noticed a death yak
 18214 | Lair:3   | Noticed a death yak
 18215 | Lair:3   | Noticed a death yak
 18216 | Lair:3   | Noticed a death yak
 18216 | Lair:3   | Noticed a death yak
 18226 | Lair:3   | Killed a death yak
 18236 | Lair:3   | Killed a death yak
 18237 | Lair:3   | Killed a death yak
 18238 | Lair:3   | Reached skill level 16 in Axes
 18242 | Lair:3   | Killed a death yak
 18251 | Lair:3   | Killed a death yak
 18256 | Lair:3   | Reached XP level 13. HP: 74/119 MP: 6/12
 18621 | Lair:4   | Reached skill level 5 in Evocations
 20777 | Lair:5   | Entered Level 5 of the Lair of Beasts
 20804 | Lair:5   | Found a runed translucent door.
 20804 | Lair:5   | Found a staircase to the Slime Pits.
 20804 | Lair:5   | Noticed an azure jelly
 20804 | Lair:5   | Noticed an azure jelly
 20842 | Lair:5   | Reached skill level 17 in Axes
 21803 | Lair:5   | Reached XP level 14. HP: 121/132 MP: 13/13
 21847 | Lair:5   | Reached skill level 18 in Axes
 21904 | Lair:5   | Found an ornate altar of the Wu Jian Council.
 21906 | Lair:5   | Found a hide-covered altar of Uskayaw.
 23557 | D:11     | Found a shadowy altar of Dithmenos.
 23583 | D:11     | Found Jaeh's Distillery.
 23591 | D:11     | Bought a potion of invisibility for 128 gold pieces
 23591 | D:11     | Bought a potion of heal wounds for 80 gold pieces
 23591 | D:11     | Bought a potion of haste for 160 gold pieces
 23591 | D:11     | Bought a potion of haste for 160 gold pieces
 23688 | D:11     | Found a staircase to the Orcish Mines.
 23706 | Orc:1    | Entered Level 1 of the Orcish Mines
 23710 | Orc:1    | Noticed Sonja
 23714 | Orc:1    | Killed Sonja
 23716 | Orc:1    | Received a gift from Trog
 24099 | Orc:2    | Entered Level 2 of the Orcish Mines
 24122 | Orc:1    | Noticed Snorg
 24131 | Orc:1    | Killed Snorg
 24803 | Orc:1    | Found Cuokhlul's Firing Range.
 25023 | Orc:2    | Found a runed translucent door.
 25023 | Orc:2    | Noticed tkdrg's ghost (journeyman TrGl)
 25404 | Orc:2    | Reached skill level 19 in Axes
 25469 | Orc:2    | Noticed Maurice
 25469 | Orc:2    | Noticed Donald
 25479 | Orc:2    | Your ally Maurice died
 26455 | Orc:2    | Killed Donald
 28290 | Orc:2    | Found a staircase to the Elven Halls.
 28351 | Orc:2    | Reached skill level 15 in Fighting
 28492 | Orc:2    | Found Ostyb's Antique Weapon Shop.
 28497 | Orc:2    | Found Xoukilin's General Store.
 28498 | Orc:2    | Found Tousaezo's Armour Shoppe.
 28508 | Orc:2    | Found Qudghaafa's Magic Scroll Boutique.
 28516 | Orc:2    | Bought a scroll of blinking for 105 gold pieces
 28516 | Orc:2    | Bought a scroll of identify for 28 gold pieces
 28516 | Orc:2    | Bought a scroll of identify for 28 gold pieces
 28516 | Orc:2    | Bought a scroll of identify for 28 gold pieces
 28516 | Orc:2    | Bought 3 scrolls of enchant armour for 315 gold pieces
 28516 | Orc:2    | Bought a scroll of summoning for 133 gold pieces
 28516 | Orc:2    | Bought a scroll of blinking for 105 gold pieces
 28646 | Orc:2    | Killed tkdrg's ghost
 28843 | D:12     | Found Reokhal's Magic Scroll Emporium.
 28845 | D:12     | Bought a scroll of enchant armour for 105 gold pieces
 28845 | D:12     | Bought a scroll of identify for 28 gold pieces
 28845 | D:12     | Bought a scroll of enchant weapon for 105 gold pieces
 28854 | D:12     | Reached XP level 15. HP: 136/141 MP: 14/14
 28887 | D:12     | Found a frozen archway.
 28902 | IceCv    | Entered an ice cave
 29126 | IceCv    | Reached skill level 5 in Armour
 29213 | IceCv    | Found the +2 Maxwell's thermic engine {flame, freeze, rev}
 29734 | IceCv    | Found the +4 skin of Zhor {*Englaciate rC+++ SInv}
 30463 | D:11     | Found an iron altar of Okawaru.
 30569 | D:11     | Noticed Amaemon
 30575 | D:11     | Killed Amaemon
 30771 | D:11     | Found Afucim's Antique Armour Shoppe.
 30792 | D:11     | Noticed Fannar
 30801 | D:11     | Killed Fannar
 30874 | D:11     | Found Baixtal's Magic Scroll Shoppe.
 31015 | D:11     | Found Feg Xuwn's Assorted Antiques.
 31116 | D:11     | Found Eraefe's Weapon Boutique.
 31174 | D:11     | Reached skill level 20 in Axes
 31179 | D:11     | Identified the +6 flail "Suusaewk" {heavy, rPois Will++
                  | Dex-5 SInv}
 31440 | D:11     | Found the +2 hood of the Assassin {Detect Stab+ Stlth++}
 31487 | D:11     | Identified the +1 falchion "Egemiaw" {holy, rPois Int+4
                  | Dex+2}
 31575 | D:11     | Bought an encrusted peridot ring for 140 gold pieces
 31971 | D:13     | Received a gift from Trog
 31972 | D:13     | Reached skill level 1 in Maces & Flails
 32104 | D:13     | Noticed Azrael
 32395 | D:13     | Killed Azrael
 33442 | D:13     | Found a gate to the Vaults.
 34504 | D:14     | Identified the +7 quarterstaff "Suuck" {flame, rC- Will+
                  | Stlth+}
 34529 | D:14     | Noticed scionoferis's ghost (journeyman HOMo)
 34548 | D:14     | Found a runed translucent door.
 34768 | D:14     | Killed scionoferis's ghost
 35011 | D:11     | Bought a scroll of blinking for 112 gold pieces
 35011 | D:11     | Bought a scroll of silence for 142 gold pieces
 35065 | D:14     | Found an ancient bone altar of Kikubaaqudgha.
 35313 | D:15     | Entered Level 15 of the Dungeon
 37576 | D:14     | Reached XP level 16. HP: 151/151 MP: 4/15
 39637 | D:15     | Found a staircase to the Depths.
 39839 | D:15     | Reached skill level 1 in Throwing
 39840 | D:15     | Reached skill level 21 in Axes
 41134 | Elf:1    | Entered Level 1 of the Elven Halls
 41363 | Elf:1    | Noticed Zenata
 41374 | Elf:1    | Killed Zenata
 42262 | Snake:1  | Entered Level 1 of the Snake Pit
 43217 | Snake:1  | Found Uloacarr's Magic Scroll Boutique.
 43226 | Snake:1  | Bought a scroll of enchant weapon for 135 gold pieces
 43476 | Snake:1  | Found Heimuh's Book Boutique.
 43476 | Snake:1  | Found Memaow's Jewellery Shoppe.
 43477 | Snake:1  | Found Ziab's Book Boutique.
 45299 | Snake:2  | Noticed Asterion
 45317 | Snake:2  | Noticed an Executioner
 45323 | Snake:2  | Killed Asterion
 47947 | Snake:3  | Reached skill level 10 in Evocations
 48310 | Snake:3  | Noticed Jorgrun
 48338 | Snake:3  | Killed Jorgrun
 48823 | Snake:3  | Reached XP level 17. HP: 150/160 MP: 5/16
 49384 | Snake:3  | Reached skill level 15 in Ranged Weapons
 49385 | Snake:3  | Noticed Vashnia
 49646 | Snake:3  | Shot with an arrow by Vashnia

Illustrated notes

Levels and vault maps discovered:
D:1:      tarquinn_simple_flora_water_a, layout_basic, minmay_hexomino_f4
D:2:      layout_basic, uniq_jessica
D:3:      layout_loops_corners, old_standard_altar,
          nicolae_ecumenical_snake_handling, minmay_cut_off, uniq_robin
D:4:      layout_loops_ring, minmay_temple_entry_drinking_statues, serial_shops,
          shop, enter_ossuary_5, minmay_manual_moon, uniq_pikel
D:5:      layout_layer_cave, serial_park_tiny_pond, roderic_serpentine_path
D:6:      lemuel_slime, layout_layer_cave, grunt_temple_overflow_open,
          nemelex_spade_bored_becter, mainiacjoe_overflow_catwalk,
          overflow_temple_1_default
D:7:      layout_rooms, mainiacjoe_overflow_paths, kennysheep_little_box,
          amcnicky_mini_pool_medium
D:8:      layout_basic, uniq_psyche, uniq_grum, uniq_joseph
D:9:      layout_stronghold, marbit_many_paths, led_sif_book,
          grunt_lair_entry_orc_guard_hut, minmay_microvault, uniq_erolcha
D:10:     layout_layer_cave, mainiacjoe_overflow_24_doors, special_room
          [special_room_orc], minmay_ruined_shrine
D:11:     evilmike_iron_armoury, layout_gridville, orc_0_dummy, serial_shops,
          nicolae_stop_n_shop_1, shop, nicolae_shop_hallway_plus, shop_statue,
          nicolae_shop_trees, nicolae_dithmenos_through_a_glass_darkly,
          uniq_fannar, uniq_amaemon
D:12:     layout_rooms, serial_shops, shop, portal_ice_cave_demonic_guard
D:13:     layout_rooms, erik_vaults_2, hangedman_incinerator, uniq_azrael
D:14:     layout_cave_pools, hellmonk_ghost_happy_afterlife,
          kiku_gazebo_pond_becter
D:15:     grunt_enter_depths_magical_seal, layout_basic,
          amcnicky_mini_pool_small
Lair:1:   layout_regular_city, grunt_megastairs_1
Lair:2:   layout_roguey, elwin_shoals_entry_stream, minmay_lindwurm_lava
Lair:3:   layout_big_grid, grunt_forest_small_clearings
Lair:4:   layout_regular_city, grunt_megastairs_3
Lair:5:   evilmike_catoblepas_cave, layout_big_grid, slime_entry_2,
          nzn_masters_of_martial_movement, grunt_megastairs_2
Snake:1:  layout_onion, serial_shops, shop, serial_bayou_shore_b,
          minmay_shop_grove, nicolae_integral_box
Snake:2:  layout_honeycomb, st_stairs_1, drop_trap, uniq_asterion
Snake:3:  layout_cave_pods, minmay_shoptagon, uniq_jorgrun, uniq_vashnia
Orc:1:    layout_caves, nicolae_shop_firing_range, uniq_snorg, uniq_sonja
Orc:2:    st_orc_open, layout_diamond_mine, ebering_ghost_inner_flame,
          uniq_maurice, uniq_donald
Elf:1:    nicolae_elf_arrival_no_cutting_in_line, layout_loops_cross,
          serial_shops, shop, hangedman_elf_disciples, uniq_zenata

Skill      XL: |  1  2  3  4  5  6  7  8  9 10 11 12 13 14 15 16 17 |
---------------+----------------------------------------------------+-----
Axes           | 4 5 6 7 9 12 14 16 17 19 20 21 | 21.9
Stealth        | 1 2 |  2.8
Fighting       | 4 5 6 7 8 10 11 12 14 15 16 | 16.9
Polearms       | 1 2 5 6 8 9 |  9.8
Ranged Weapons | 2 3 4 6 8 9 11 12 13 14 15 | 15.0
Evocations     | 2 4 6 8 9 10 | 10.1
Armour         | 4 7 9 |  9.4
Maces & Flails | 3 |  3.3
Throwing       | 4 |  4.2
Dodging        | |  2.1

Action                     |  1- 3 |  4- 6 |  7- 9 | 10-12 | 13-15 | 16-18 || total
---------------------------+-------+-------+-------+-------+-------+-------++-------
  Melee: Hand axe          |    74 |     4 |       |       |       |       ||    78
         Headbutt          |     7 |     7 |    27 |    51 |   148 |    38 ||   278
         Spear             |       |    79 |   187 |       |    16 |       ||   282
         Punch             |       |       |     2 |       |       |       ||     2
         Battleaxe         |       |       |    19 |   292 |   208 |       ||   519
         Kick              |       |       |       |    71 |    22 |    14 ||   107
         Dire flail        |       |       |       |       |     3 |       ||     3
         Executioner's axe |       |       |       |       |   289 |   160 ||   449
         Flail             |       |       |       |       |       |    19 ||    19
   Fire: Sling             |       |     7 |    18 |       |       |       ||    25
         Arbalest          |       |       |    57 |   189 |   364 |   224 ||   834
  Throw: Dart              |       |    12 |     1 |       |     5 |       ||    18
         Stone             |       |     5 |       |       |       |       ||     5
         Boomerang         |       |       |       |       |       |     2 ||     2
 Invoke: Berserk           |       |     1 |     3 |    10 |    22 |    11 ||    47
         Trog's Hand       |       |       |     1 |    14 |    23 |     9 ||    47
         Brothers in Arms  |       |       |       |       |     2 |       ||     2
  Evoke: Wand              |       |       |       |     2 |    11 |     6 ||    19
         Box of beasts     |       |       |       |       |     1 |       ||     1
    Use: Scroll            |       |     7 |     7 |    15 |    34 |     5 ||    68
         Potion            |       |       |       |     4 |     6 |       ||    10
   Stab: Sleeping          |     1 |    14 |    10 |       |     1 |       ||    26
         Distracted        |       |       |     2 |       |       |       ||     2
 Armour: Animal skin       |    41 |     3 |       |       |       |       ||    44
         Leather armour    |       |    40 |    27 |       |       |       ||    67
         Chain mail        |       |       |    72 |    35 |       |       ||   107
         Ring mail         |       |       |     8 |       |       |       ||     8
         Scale mail        |       |       |       |   119 |   125 |       ||   244
         Plate armour      |       |       |       |   145 |   489 |   300 ||   934
  Dodge: Dodged            |    54 |    45 |    58 |   129 |   231 |    84 ||   601
  Block: Other             |       |     1 |    29 |    78 |   137 |    47 ||   292
         Reflection        |       |       |     2 |     3 |     7 |    10 ||    22

Table legend: (Time is in decaauts)
 A = Elapsed time spent in this place.
 B = Non-inter-level travel time spent in this place.
 C = Inter-level travel time spent in this place.
 D = Time resting spent in this place.
 E = Time spent auto-exploring this place.
 F = Levels seen in this place.
 G = Mean time per level.
                   A        B        C        D        E       F      G
               +--------+--------+--------+--------+--------+-----+--------+
         Total |  50393 |  48436 |   1957 |  23761 |  18111 |  28 | 1799.8 |
       Dungeon |  25560 |  24478 |   1082 |  10017 |  11217 |  15 | 1704.0 |
          Lair |   9604 |   9019 |    585 |   3571 |   4323 |   5 | 1920.8 |
     Snake Pit |   7492 |   7375 |    117 |   4935 |   1529 |   3 | 2497.3 |
  Orcish Mines |   5314 |   5143 |    171 |   3650 |    818 |   2 | 2657.0 |
   Elven Halls |    943 |    943 |      0 |    775 |      0 |   1 |  943.0 |
       Ossuary |    368 |    368 |      0 |     78 |    183 |   1 |  368.0 |
      Ice Cave |   1109 |   1109 |      0 |    732 |     40 |   1 | 1109.0 |
               +--------+--------+--------+--------+--------+-----+--------+

Top non-repeatable levels by time:
    D:15: 5095 daAuts
 Snake:2: 4042 daAuts
   Orc:2: 3381 daAuts
     D:9: 2912 daAuts
  Lair:4: 2619 daAuts
  Lair:5: 2329 daAuts
     D:6: 2104 daAuts
   Orc:1: 1933 daAuts
  Lair:2: 1751 daAuts
    D:13: 1740 daAuts
 Snake:3: 1730 daAuts
 Snake:1: 1720 daAuts
    D:10: 1692 daAuts
    D:11: 1686 daAuts
  Lair:1: 1636 daAuts
